 Dungeon Crawl Stone Soup version 0.30-a0-4-ga7cffc901d (webtiles) character file.

Game seed: 15138082633467930209

64 Daxter the Covered (level 3, 0/33 HPs)
             Began as a Minotaur Fighter on Aug 20, 2022.
             Slain by a black bear (6 damage)
             ... on level 4 of the Dungeon.
             The game lasted 00:07:27 (727 turns).

Daxter the Covered (Minotaur Fighter)                Turns: 727, Time: 00:07:28

Health: 0/33       AC:  7    Str: 22    XL:     3   Next: 91%
Magic:  2/2        EV:  9    Int:  5    God:
Gold:   51         SH:  4    Dex:  9    Spells: 2/2 levels left

rFire   . . .      SeeInvis .    a - +0 long sword
rCold   . . .      Faith    .    c - +0 buckler
rNeg    . . .      Spirit   .    b - +0 scale mail
rPois   .          Reflect  .    (helmet restricted)
rElec   .          Harm     .    (no cloak)
rCorr   .          Rampage  .    (no gloves)
Will    .....                    (no boots)
Stlth   ..........               (no amulet)
HPRegen 0.11/turn                (no ring)
MPRegen 0.08/turn                (no ring)

@: no status effects
A: horns 2, retaliatory headbutt
a: no special abilities


You were on level 4 of the Dungeon.
You visited 1 branch of the dungeon, and saw 4 of its levels.

You collected 51 gold pieces.

Inventory:

Hand Weapons
 a - a +0 long sword (weapon)
Armour
 b - a +0 scale mail (worn)
 c - a +0 buckler (worn)
Potions
 d - a potion of might
 f - a potion of brilliance {unknown}
 g - a potion of heal wounds {unknown}


   Skills:
 + Level 4.1 Fighting
 + Level 3.3 Long Blades
 + Level 4.4 Armour
 + Level 0.5 Dodging
 + Level 4.1 Shields


You had 2 spell levels left.
You didn't know any spells.
Your spell library contained the following spells:

 Spells                   Type           Power      Damage    Failure   Level
 Ensorcelled Hibernation  Hex/Ice        0%         N/A       95%         2
 Passwall                 Tmut/Erth      0%         N/A       95%         2
 Swiftness                Air            0%         N/A       99%         3


Dungeon Overview and Level Annotations

Branches:
Dungeon (4/15)
 Temple: D:4-7

Altars:
Cheibriados
Trog
Uskayaw

Annotations:
D:4 Eustachio


Innate Abilities, Weirdness & Mutations

You have a pair of horns on your head.
You reflexively headbutt those who attack you in melee.


Message History

The black bear closely misses you. x2; The black bear claws you.
The black bear attacks as you move away!
You block the black bear's attack. The black bear closely misses you.
The black bear claws you.
Eustachio casts a spell.
The black bear attacks as you move away!
The black bear bites you but does no damage.
The black bear closely misses you. x2
Eustachio mumbles some strange words.
The black bear attacks as you move away!
You block the black bear's attack. The black bear claws you.
You block the black bear's attack. The black bear bites you!
The black bear claws you but does no damage. x2
The black bear attacks as you move away!
The black bear bites you.
The black bear claws you. x2; The quasit bites you.
The quasit barely misses you. The quasit closely misses you.
The quasit attacks as you move away! The quasit closely misses you.
The quasit barely misses you.
The quasit claws you but does no damage.
You feel your willpower return.
The black bear attacks as you move away!
You block the black bear's attack. The black bear claws you.
The black bear claws you but does no damage.
The quasit barely misses you.
The quasit claws you but does no damage.
The quasit claws you.
* * * LOW HITPOINT WARNING * * *
As you read the scroll labelled FEMYACK FOITHI, it crumbles to dust.
The creatures around you are filled with an inner flame!
It was a scroll of immolation.
The black bear barely misses you. The black bear claws you.
* * * LOW HITPOINT WARNING * * *
The black bear claws you but does no damage.
The quasit closely misses you. The quasit claws you.
* * * LOW HITPOINT WARNING * * *
The quasit closely misses you.
You hit the quasit.
Flame seeps out of the quasit.
The quasit is heavily wounded.
Eustachio barely misses you. The black bear bites you.
You die...

#......# #......# #+
#......# ###.
#..[...# # ...
+)..... .
####.######..... #
............########
# #....h..........#
###
#...h5@...#####.#
#.. #....@....# #.#
#.# #....5....# #.#
#.# #..5......# #)#
#.# #.........# #.#
#.# #.........# #.#
#.# ...........# #.#
#.# #..P.........#
#.# #.#
#.._.........
#.##.##.#


You could see Eustachio (inner flame), 2 black bears, a quasit (summoned, inner
flame), a crimson imp (summoned, inner flame) and a white imp (summoned, inner
flame).

Vanquished Creatures
  The ghost of Splishie the Sneak, a weakling KoEn of Zin (D:4)
  An adder (D:4)
  An orc (D:3)
  2 bats (D:1)
  A giant cockroach (D:4)
  A goblin (D:1)
  A hobgoblin (D:3)
  2 jackals (D:2)
  4 kobolds
  A quokka (D:4)
  4 ball pythons
  A frilled lizard (D:2)
  2 rats (D:1)
22 creatures vanquished.

Vanquished Creatures (others)
  A butterfly (D:4)
  2 withered plants (D:4)
3 creatures vanquished.

Grand Total: 25 creatures vanquished

Notes
Turn   | Place    | Note
-------+----------+-------------------------------------------
     0 | D:1      | Daxter the Minotaur Fighter began the quest for the Orb.
     0 | D:1      | Reached XP level 1. HP: 19/19 MP: 0/0
   115 | D:1      | Reached XP level 2. HP: 27/27 MP: 1/1
   123 | D:1      | You fall into a shaft and drop 1 floor!
   348 | D:4      | Noticed a +0 dagger
   348 | D:4      | Noticed a +0 dagger
   348 | D:4      | Noticed a +0 short sword
   348 | D:4      | Noticed a +0 spear
   348 | D:4      | Noticed a +0 falchion
   348 | D:4      | Noticed a +0 spear
   349 | D:4      | Noticed a +0 falchion
   350 | D:4      | Noticed a +0 short sword
   363 | D:4      | Found a hide-covered altar of Uskayaw.
   482 | D:4      | Found a runed translucent door.
   483 | D:4      | Noticed Splishie's ghost (weakling KoEn)
   511 | D:4      | Killed Splishie's ghost
   512 | D:4      | Reached XP level 3. HP: 26/33 MP: 2/2
   646 | D:4      | Found a snail-covered altar of Cheibriados.
   713 | D:4      | Found a bloodstained altar of Trog.
   713 | D:4      | Noticed a black bear
   713 | D:4      | Noticed a black bear
   714 | D:4      | Noticed Eustachio
   727 | D:4      | Slain by a black bear

Illustrated notes

Levels and vault maps discovered:
D:1:      minmay_arrival_four_houses, layout_rooms,
          dreamdust_ecumenical_altar_statues, chequers_serial_rivers_room_a,
          nicolae_concentric_dashed_squares_mild
D:2:      layout_basic, uniq_jessica
D:3:      layout_loops_ring, amcnicky_altar_gilded, wad_rectangle_vault
D:4:      layout_basic, nicolae_elyvilon_peaceful_grove, lemuel_tele_altar,
          nicolae_uskayaw_en_pointe, grunt_gozag_statues, trog_ov_bears_minmay,
          gammafunk_ghost_grave, moated_statue, uniq_eustachio

Skill      XL: |  1  2 |
---------------+-------+-----
Armour         | 4 |  4.4
Fighting       | 4 |  4.1
Long Blades    | 3 |  3.3
Shields        | 4 |  4.1
Dodging        | |  0.5

Action                   || total
-------------------------++-------
Melee: Long sword        ||    79
       Headbutt          ||    11
  Use: Scroll            ||     6
Armor: Scale mail        ||    70
Dodge: Dodged            ||    49
Block: Buckler           ||    25

Table legend: (Time is in decaauts)
 A = Elapsed time spent in this place.
 B = Non-inter-level travel time spent in this place.
 C = Inter-level travel time spent in this place.
 D = Time resting spent in this place.
 E = Time spent auto-exploring this place.
 F = Levels seen in this place.
 G = Mean time per level.
                   A        B        C        D        E       F      G
               +--------+--------+--------+--------+--------+-----+--------+
         Total |    749 |    749 |      0 |      0 |      0 |   4 |  187.2 |
       Dungeon |    749 |    749 |      0 |      0 |      0 |   4 |  187.2 |
               +--------+--------+--------+--------+--------+-----+--------+

Top non-repeatable levels by time:
     D:4: 390 daAuts
     D:2: 165 daAuts
     D:1: 128 daAuts
     D:3: 64 daAuts
